 Dungeon Crawl Stone Soup version 0.30-a0-719-gcc4359ea44 (webtiles) character file.

Game seed: 16300214490398016249

1528 jlumianski the Chopper (level 8, 0/63 HPs)
             Began as a Demonspawn Fighter on Jan 26, 2023.
             Was an Initiate of Qazlal.
             Slain by a white imp (2 damage)
             ... on level 5 of the Dungeon.
             The game lasted 00:18:14 (4277 turns).

jlumianski the Chopper (Demonspawn Fighter)         Turns: 4277, Time: 00:18:15

Health: 0/63       AC: 16    Str: 24    XL:     8   Next: 55%
Magic:  8/8        EV:  8    Int: 14    God:    Qazlal [......]
Gold:   441        SH:  9    Dex: 18    Spells: 7/7 levels left

rFire   . . .      SeeInvis .    a - +1 war axe
rCold   . . .      Faith    +    c - +0 buckler
rNeg    . . .      Spirit   .    B - +0 chain mail
rPois   .          Reflect  .    u - +0 helmet
rElec   .          Harm     .    v - +1 cloak
rCorr   .          Rampage  .    (no gloves)
Will    .....                    p - +2 pair of boots {Fly} Stlth
                                 f - amulet "Yczeamp" {Faith Regen+ Int+3}
HPRegen 0.30/turn                l - +6 ring of strength
MPRegen 0.11/turn                w - +6 ring of dexterity

@: flying
A: claws 1, foul stench 2, condensation shield
a: Renounce Religion


You were on level 5 of the Dungeon.
You worshipped Qazlal.
Qazlal was noncommittal.
You visited 2 branches of the dungeon, and saw 7 of its levels.
You also visited: Ossuary.

You collected 441 gold pieces.

Inventory:

Hand Weapons
 a - a +1 war axe (weapon)
 D - a +3 flail of draining
Missiles
 s - 6 poisoned darts (quivered)
 A - 6 stones
 H - 6 atropa-tipped darts
Armour
 b - a +0 scale mail
 c - a +0 buckler (worn)
 p - a +2 pair of boots of flying (worn)
 u - a +0 helmet (worn)
 v - a +1 cloak (worn)
 B - a +0 chain mail (worn)
Jewellery
 f - the amulet "Yczeamp" (around neck) {Faith Regen+ Int+3}
   (You acquired it on level 6 of the Dungeon)

   [amulet of faith]

   It allows you to gain divine favour quickly.
   Int:       It affects your intelligence (+3).
   Regen:     It increases your rate of health regeneration.
 l - a +6 ring of strength (left claw)
 w - a +6 ring of dexterity (right claw)
 z - a ring of resist corrosion
Scrolls
 e - 2 scrolls of teleportation
 h - 4 scrolls of fear
 i - 2 scrolls of blinking {unknown}
 j - a scroll of enchant weapon
 r - a scroll of brand weapon {unknown}
 t - 2 scrolls of poison {unknown}
 x - 2 scrolls of noise
 y - 3 scrolls of magic mapping {unknown}
 F - 2 scrolls of silence {unknown}
 G - a scroll of identify
Potions
 d - 4 potions of might
 g - a potion of resistance {unknown}
 k - 2 potions of flight {unknown}
 n - 4 potions of heal wounds
 o - 3 potions of attraction
 q - 2 potions of curing {unknown}
 E - a potion of lignification {unknown}


   Skills:
 * Level 5.4 Fighting
 + Level 7.1 Axes
 + Level 1.4 Throwing
 + Level 4.1 Armour
 + Level 1.9 Dodging
 + Level 0.3 Stealth
 + Level 4.2 Shields
 * Level 1.1 Invocations


You had 7 spell levels left.
You didn't know any spells.
Your spell library contained the following spells:

 Spells                   Type           Power      Damage    Failure   Level
 Kiss of Death            Conj/Necr      0%         2d5       95%         1
 Confusing Touch          Hex            0%         N/A       100%        3
 Vhi's Electric Charge    Tloc/Air       0%         N/A       100%        3
 Dispel Undead            Necr           0%         3d6       100%        4
 Arcjolt                  Conj/Air       0%         1d10      100%        5
 Summon Forest            Summ/Tloc      0%         N/A       100%        5
 Summon Mana Viper        Hex/Summ       0%         N/A       100%        5
 Summon Cactus Giant      Summ           0%         N/A       100%        6
 Maxwell's Capacitive Co  Air            0%         ∞         100%        8


Dungeon Overview and Level Annotations

Branches:
Dungeon (6/15)             Temple (1/1) D:4         Ossuary (visited)

Altars:
Ashenzari
Cheibriados
Dithmenos
Fedhas
Gozag
Hepliaklqana
Kikubaaqudgha
Makhleb
Nemelex Xobeh
Okawaru
Qazlal
Ru
Sif Muna
Trog
Uskayaw
Vehumet
Wu Jian
Xom


Innate Abilities, Weirdness & Mutations

You have sharp fingernails.
You sometimes emit foul miasma when damaged in melee.
A meltable shield of frost defends you. (SH +4)


Message History

The ufetubus hits you but does no damage. x2
You block the ufetubus's attack. x2
You hit the ufetubus but do no damage.
The ufetubus hits you but does no damage.
You block the ufetubus's attack. x2
The ufetubus hits you but does no damage.
You closely miss the ufetubus.
The ufetubus hits you but does no damage.
You block the ufetubus's attack.
You hit the ufetubus.
The ufetubus is heavily wounded.
The ufetubus hits you.
* * * LOW HITPOINT WARNING * * *
You emit a cloud of foul miasma!
The ufetubus closely misses you.
The ufetubus hits you but does no damage. x2
You miss the ufetubus.
The ufetubus is heavily wounded.
You block the ufetubus's attack. x2; The ufetubus closely misses you.
You block the ufetubus's attack.
You slash the ufetubus!
You kill the ufetubus!
Qazlal accepts your kill. The white imp gestures at you.
The puff of frost hits you.
* * * LOW HITPOINT WARNING * * *
The white imp spits at you.
The white imp sputters.
A scorpion comes into view.
The white imp gestures at you. The puff of frost hits you.
* * * LOW HITPOINT WARNING * * *
The white imp gestures at you. The puff of frost hits you!
* * * LOW HITPOINT WARNING * * *
You barely miss the white imp. The white imp hits you.
* * * LOW HITPOINT WARNING * * *
The white imp freezes you.
* * * LOW HITPOINT WARNING * * *
You emit a cloud of foul miasma!
The white imp hits you.
You die...

......##### #.........#
### ##........###.##
##.......##...###
..##..†..###.....# #####
...###†..###.....## ....#
....###...###.##..###....#
.....##.#..#..s..........#
.....#.......##.@5.......#
.....#......###.##..##..#
.)...'....s####..#..# .
.....'..........##..#
.)...#.............##
.....#.............##
.....#........#.....###
....##...........>....#
...##................##


You could see a scorpion and a white imp.

Vanquished Creatures
  A wraith (D:5)
  Eustachio (D:6)
  Edmund (D:4)
  A sky beast (D:4)
  A black bear (D:5)
  An ice beast (D:6)
  An ogre (D:5)
  A phantom (D:5)
  An elf zombie (Ossuary)
  A necrophage (D:5)
  A gnoll sergeant (D:5)
  A scorpion (D:5)
  3 human zombies (Ossuary)
  A jelly (D:5)
  A hound (D:6)
  An iguana (D:4)
  Terence (D:2)
  4 mummies (Ossuary)
  7 adders
  2 ufetubi
  An adder zombie (Ossuary)
  A worm (D:2)
  6 dart slugs
  12 orcs
  2 bats
  6 endoplasms
  A gnoll zombie (Ossuary)
  7 goblins
  7 hobgoblins
  8 jackals
  5 kobolds
  3 quokkas
  5 ball pythons
  2 frilled lizards
  A goblin zombie (Ossuary)
  A jackal zombie (Ossuary)
  3 kobold zombies (Ossuary)
  A rat (D:2)
  A rat zombie (Ossuary)
105 creatures vanquished.

Notes
Turn   | Place    | Note
-------+----------+-------------------------------------------
     0 | D:1      | jlumianski the Demonspawn Fighter began the quest for the
                  | Orb.
     0 | D:1      | Reached XP level 1. HP: 18/18 MP: 1/1
   141 | D:1      | Reached skill level 2 in Axes
   197 | D:1      | Gained mutation: You may rarely emit foul miasma when
                  | damaged in melee. [demonic ancestry]
   197 | D:1      | Reached XP level 2. HP: 20/24 MP: 2/2
   503 | D:2      | Noticed Terence
   653 | D:2      | Killed Terence
   654 | D:2      | Gained mutation: A meltable shield of frost defends you.
                  | (SH +4) [demonic ancestry]
   654 | D:2      | Reached XP level 3. HP: 29/29 MP: 3/3
  1262 | D:3      | Gained mutation: You have sharp fingernails. [demonic
                  | ancestry]
  1262 | D:3      | Reached XP level 4. HP: 35/35 MP: 4/4
  1478 | D:3      | Reached skill level 3 in Axes
  2191 | D:4      | Reached XP level 5. HP: 41/41 MP: 5/5
  2230 | D:5      | Entered Level 5 of the Dungeon
  2230 | D:5      | Noticed Edmund
  2313 | D:5      | Noticed a phantom
  2324 | D:5      | Killed a phantom
  2325 | D:5      | Reached skill level 1 in Dodging
  2325 | D:5      | Gained mutation: You sometimes emit foul miasma when
                  | damaged in melee. [demonic ancestry]
  2325 | D:5      | Reached XP level 6. HP: 41/48 MP: 6/6
  2354 | D:5      | Noticed a wraith
  2445 | D:4      | Reached skill level 4 in Axes
  2578 | D:4      | Noticed a sky beast
  2586 | D:4      | Killed a sky beast
  2797 | D:4      | Found a staircase to the Ecumenical Temple.
  2805 | Temple   | Entered the Ecumenical Temple
  3121 | D:4      | Killed Edmund
  3122 | D:4      | Reached skill level 5 in Axes
  3122 | D:4      | Reached XP level 7. HP: 20/52 MP: 7/7
  3333 | D:5      | Killed a wraith
  3334 | D:5      | Reached skill level 1 in Throwing
  3559 | D:6      | Identified a scroll of acquirement
  3560 | D:6      | Acquired the amulet "Yczeamp" {Faith Regen+ Int+3}
  3657 | D:5      | Found an iron altar of Okawaru.
  3661 | D:5      | Found a sparkling altar of Nemelex Xobeh.
  3697 | D:5      | Reached skill level 6 in Axes
  3697 | D:5      | Reached XP level 8. HP: 56/61 MP: 8/8
  3712 | D:5      | Found a hide-covered altar of Uskayaw.
  3712 | D:5      | Found an ancient bone altar of Kikubaaqudgha.
  3714 | D:5      | Found a stormy altar of Qazlal.
  3801 | D:6      | Found a sand-covered staircase.
  3806 | Ossuary  | Entered an ossuary
  3847 | Ossuary  | Reached skill level 5 in Fighting
  4125 | D:5      | Became a worshipper of Qazlal Stormbringer
  4169 | D:6      | Noticed Eustachio
  4191 | D:6      | Killed Eustachio
  4192 | D:6      | Reached skill level 7 in Axes
  4192 | D:6      | Reached skill level 1 in Invocations
  4277 | D:5      | HP: 2/63 [white imp (5)]
  4277 | D:5      | Slain by a white imp

Illustrated notes

Levels and vault maps discovered:
D:1:      ncdulo_wetmaze, layout_rooms, minmay_misc_feat_encased
D:2:      layout_basic, uniq_terence
D:3:      layout_basic
D:4:      layout_loops_cross, minmay_temple_entry_enclosed_plants
D:5:      kennysheep_big_flooded_room, layout_cave_pools, good_gods_temple_1,
          nicolae_overflow_hidden_temple, uniq_edmund
D:6:      layout_gridville, nicolae_ossuary_entry_false_entrances,
          uniq_eustachio
Temple:   hellmonk_temple_forest_ring

Skill      XL: |  1  2  3  4  5  6  7  8 |
---------------+-------------------------+-----
Axes           | 2 3 5 6 7 |  7.1
Shields        | 3 4 |  4.2
Armour         | 3 4 |  4.1
Fighting       | 4 5 |  5.4
Dodging        | 1 |  1.9
Throwing       | 1 |  1.4
Invocations    | 1 |  1.1
Stealth        | |  0.3

Action                     |  1- 3 |  4- 6 |  7- 9 || total
---------------------------+-------+-------+-------++-------
  Melee: War axe           |    86 |   136 |   104 ||   326
  Throw: Stone             |     3 |       |       ||     3
         Dart              |     2 |     6 |     7 ||    15
         Javelin           |       |       |    10 ||    10
    Use: Scroll            |     2 |       |     4 ||     6
         Potion            |     1 |       |     1 ||     2
 Armour: Scale mail        |    44 |    44 |       ||    88
         Chain mail        |       |    12 |    81 ||    93
  Dodge: Dodged            |    37 |    56 |    45 ||   138
  Block: Buckler           |    25 |    71 |    58 ||   154

Table legend: (Time is in decaauts)
 A = Elapsed time spent in this place.
 B = Non-inter-level travel time spent in this place.
 C = Inter-level travel time spent in this place.
 D = Time resting spent in this place.
 E = Time spent auto-exploring this place.
 F = Levels seen in this place.
 G = Mean time per level.
                   A        B        C        D        E       F      G
               +--------+--------+--------+--------+--------+-----+--------+
         Total |   4418 |   4371 |     47 |    197 |   2141 |   8 |  552.2 |
       Dungeon |   4040 |   3993 |     47 |    197 |   2024 |   6 |  673.3 |
        Temple |    141 |    141 |      0 |      0 |    117 |   1 |  141.0 |
       Ossuary |    236 |    236 |      0 |      0 |      0 |   1 |  236.0 |
               +--------+--------+--------+--------+--------+-----+--------+

Top non-repeatable levels by time:
     D:4: 1004 daAuts
     D:3: 913 daAuts
     D:5: 771 daAuts
     D:1: 604 daAuts
     D:2: 555 daAuts
 Ossuary: 236 daAuts
     D:6: 191 daAuts
  Temple: 141 daAuts
